 Dungeon Crawl Stone Soup version 0.19.4-12-gccf7e64 (webtiles) character file.

115 muscothym the Shield-Bearer (level 5, -3/42 HPs)
             Began as a Formicid Fighter on Feb 26, 2017.
             Was an Initiate of Trog.
             Slain by Sigmund
             ... wielding a +0 scythe
              (7 damage)
             ... on level 3 of the Dungeon.
             The game lasted 00:17:54 (2768 turns).

muscothym the Shield-Bearer (Formicid Fighter)      Turns: 2768, Time: 00:17:55

Health: -3/42      AC:  6    Str: 22    XL:     5   Next: 20%
Magic:  5/5        EV:  7    Int:  7    God:    Trog [......]
Gold:   125        SH:  9    Dex: 10    Spells: 0 memorised, 4 levels left

rFire  . . .     SeeInvis +     a - +0 trident
rCold  . . .     Gourm    .     b - +0 scale mail
rNeg   . . .     Faith    .     c - +0 shield
rPois  .         Spirit   .     (helmet unavailable)
rElec  .         Reflect  .     (no cloak)
rCorr  .         Harm     .     (no gloves)
MR     .....                    (no boots)
Stlth  ..........               (no amulet)
                                (no ring)
                                (no ring)

@: heavily drained
A: permanent stasis, dig shafts and tunnels, four strong arms, antennae 3
a: Dig, Shaft Self, Burn Spellbooks, Renounce Religion


You were on level 3 of the Dungeon.
You worshipped Trog.
Trog was noncommittal.
You were very full.

You visited 1 branch of the dungeon, and saw 3 of its levels.

You collected 125 gold pieces.

Inventory:

Hand Weapons
 a - a +0 trident (weapon)
 e - a +0 hand axe
 g - a +0 club
 i - a +0 dagger
 j - a cursed -3 dagger
 k - a +0 club
 n - a +0 short sword
 t - a +0 short sword
 z - a +0 hunting sling
 A - a +0 mace
Missiles
 o - 22 stones (quivered)
 x - 9 poisoned needles
 y - 2 curare-tipped needles
Armour
 b - a +0 scale mail (worn)
 c - a +0 shield (worn)
 d - a +1 leather armour of magic resistance
 l - a +0 robe
 m - a +0 robe
Scrolls
 h - a scroll of identify {unknown}
 q - a scroll of remove curse {unknown}
 r - a scroll of teleportation
 v - a scroll of enchant weapon {unknown}
Potions
 w - a potion of flight {unknown}


   Skills:
 + Level 4.0(2.4) Fighting
 + Level 3.0(1.5) Polearms
 + Level 3.8(2.3) Armour
 + Level 0.8(0.0) Dodging
 + Level 4.6(3.0) Shields


You had 4 spell levels left.
You didn't know any spells.

Dungeon Overview and Level Annotations

Branches:
Dungeon (3/15)

Altars:
Ashenzari
Dithmenos
Trog

Annotations:
D:3 Sigmund


Innate Abilities, Weirdness & Mutations

You are under a permanent stasis effect.
You can dig through walls and to a lower floor.
Your four strong arms can wield two-handed weapons with a shield.
You have a pair of large antennae on your head. (SInv)


Message History

* * * LOW HITPOINT WARNING * * *
The hobgoblin hits you.
* * * LOW HITPOINT WARNING * * *
The goblin hits you but does no damage.
You closely miss Sigmund.
Sigmund is severely wounded.
The orc hits you with a flail.
* * * LOW HITPOINT WARNING * * *
The kobold hits you but does no damage.
You feel drained.
The leopard gecko bites you but does no damage.
Sigmund completely misses you.
The hobgoblin hits you but does no damage.
You block the goblin's attack. The kobold hits you but does no damage.
You feel drained. The orc hits you but does no damage.
You barely miss Sigmund.
Sigmund is severely wounded.
The leopard gecko bites you but does no damage.
You block the hobgoblin's attack. The goblin hits you but does no damage.
Sigmund hits you with a scythe!
You die...

###### ####....#
.......# #.....#
#####.....#
....<...gK######
#####..l@@g.....
.....?§o#g......
..[...§§+.......
......###.......
###.## .......
#. .$..... #
>...... .......


You could see Sigmund, an orc, a leopard gecko, a hobgoblin, 2 goblins and a
kobold.

Vanquished Creatures
  3 adders (D:2)
  A gnoll (D:2)
  An ooze (D:2)
  A worm (D:1)
  4 leopard geckos
  4 giant cockroaches
  8 goblins
  5 hobgoblins
  14 jackals
  7 kobolds
  4 bats
  2 frilled lizards
  10 rats
64 creatures vanquished.

Notes
Turn   | Place    | Note
-------+----------+-------------------------------------------
     0 | D:1      | muscothym the Formicid Fighter began the quest for the Orb.
     0 | D:1      | Reached XP level 1. HP: 18/18 MP: 1/1
   124 | D:1      | Reached XP level 2. HP: 24/24 MP: 2/2
   625 | D:1      | Reached XP level 3. HP: 30/30 MP: 3/3
   775 | D:1      | Found a shadowy altar of Dithmenos.
  1265 | D:2      | Reached XP level 4. HP: 35/37 MP: 4/4
  1375 | D:2      | Found a shattered altar of Ashenzari.
  1464 | D:2      | Found a bloodstained altar of Trog.
  1484 | D:2      | Became a worshipper of Trog the Wrathful
  2332 | D:2      | Reached XP level 5. HP: 42/42 MP: 5/5
  2754 | D:3      | Noticed Sigmund
  2768 | D:3      | Slain by Sigmund

Skill      XL: |  1  2  3  4  5 |
---------------+----------------+-----
Shields        | 4 |  4.6
Fighting       | 4 |  4.0
Polearms       | 3 |  3.0
Armour         | |  3.8
Dodging        | |  0.8

Action                   |  1- 3 |  4- 6 || total
-------------------------+-------+-------++-------
Melee: Trident           |   138 |   104 ||   242
Throw: Stone             |       |     4 ||     4
 Abil: Dig               |     5 |     5 ||    10
  Use: Potion            |     1 |     1 ||     2
       Scroll            |     2 |     1 ||     3
  Eat: Bread ration      |     1 |     1 ||     2
       Meat ration       |     1 |       ||     1
       Pizza             |       |     1 ||     1
Armor: Scale mail        |    76 |   124 ||   200
Dodge: Dodged            |    68 |   104 ||   172
Block: Shield            |   109 |   135 ||   244
